 Seeded DCSS version 0.32-a0-900-g30fb1b0edc (webtiles) character file.

Game seed: 20240405 (custom seed)

10707 Orlauf the Fighter (level 11, -1/95 HPs)
             Began as a Demonspawn Gladiator on Apr 5, 2024.
             Slain by a cyclops (9 damage)
             ... while petrified by a basilisk
             ... on level 11 of the Dungeon.
             The game lasted 00:16:43 (9235 turns).

Orlauf the Fighter (Demonspawn Gladiator)           Turns: 9235, Time: 00:16:45

Health: -1/95      AC: 17    Str: 19    XL:     11   Next: 39%
Magic:  11/11      EV:  2    Int:  9    God:
Gold:   679        SH:  0    Dex: 24    Spells: 10/10 levels left

rFire   . . .        a - +8 demon trident "Rift" {distort, reach+}
rCold   . . .        (no shield)
rNeg    + + +        x - +0 plate armour
rPois   ∞            c - +1 helmet
rElec   .            f - scarf {shadows}
rCorr   .            i - +0 pair of gloves
SInv    .            (no boots)
Will    .....        B - amulet of reflection Stlth
                     C - ring "Nyafisch" {Str+2 Dex+6}
HPRegen 0.35/turn    (no ring)
MPRegen 0.12/turn

%: reflection
@: confused, petrified, studying Fighting
A: demonic guardian 1, powered by death 1, sturdy frame 1, demonic touch 1,
fangs 1, agile 1, sense surroundings 1
a: no special abilities


You were on level 11 of the Dungeon.
You visited 2 branches of the dungeon, and saw 12 of its levels.

You collected 679 gold pieces.

Inventory:

Hand Weapons
 a - the +8 demon trident "Rift" (weapon) {distort, reach+}
   (You found it on level 4 of the Dungeon)
 b - a +1 quarterstaff
Missiles
 d - a throwing net (quivered)
 e - a javelin
 m - 13 poisoned darts
Armour
 c - a +1 helmet (worn)
 f - a scarf of shadows (worn)
 i - a +0 pair of gloves (worn)
 p - a +0 cloak
 x - a +0 plate armour (worn)
Jewellery
 B - an amulet of reflection (around neck)
 C - the ring "Nyafisch" (left hand) {Str+2 Dex+6}
   (You found it on level 11 of the Dungeon)

   [ring of dexterity]

   Str+2:     It affects your strength (+2).
   Dex+6:     It affects your dexterity (+6).
 D - a +4 ring of protection
Scrolls
 l - a scroll of fear
 n - 3 scrolls of teleportation
 r - a scroll of fog
 u - 2 scrolls of revelation
 w - a scroll of immolation
 y - a scroll of enchant armour
 A - a scroll of amnesia
Potions
 g - a potion of ambrosia {unknown}
 h - a potion of enlightenment
 j - a potion of berserk rage
 k - a potion of mutation
 o - 2 potions of invisibility
 q - a potion of heal wounds
 s - 2 potions of might
 t - a potion of attraction {unknown}
 v - 2 potions of curing
 z - a potion of lignification {unknown}


   Skills:
 + Level 12.0 Fighting
 * Level 9.7(10.4) Polearms
 - Level 5.4(8.3) Staves
 - Level 1.7 Throwing
 * Level 7.6 Armour
 - Level 2.6 Dodging


You had 10 spell levels left.
You didn't know any spells.
Your spell library contained the following spells:

 Spells                   Type           Power      Damage    Failure   Level
 Freeze                   Ice            0%         1d3       99%         1
 Necrotise                Necr           0%         1d4       99%         1
 Shock                    Conj/Air       0%         1d3       99%         1
 Frozen Ramparts          Ice            0%         1d1       100%        3
 Hailstorm                Conj/Ice       0%         3d5       100%        3
 Passwall                 Erth           0%         N/A       100%        3
 Swiftness                Air            0%         N/A       100%        3
 Vampiric Draining        Necr           0%         2d6       100%        3
 Volatile Blastmotes      Fire/Tloc      0%         2d10      100%        3
 Airstrike                Air            0%         2d(0-16)  100%        4
 Anguish                  Hex/Necr       0%         N/A       100%        4
 Cause Fear               Hex            0%         N/A       100%        4
 Martyr's Knell           Necr/Summ      0%         N/A       100%        4
 Vhi's Electric Charge    Tloc/Air       0%         N/A       100%        4
 Curse of Agony           Necr           0%         N/A       100%        5
 Bombard                  Conj/Erth      0%         9d1       100%        6
 Enfeeble                 Hex            0%         N/A       100%        7
 Chain Lightning          Conj/Air       0%         N/A       100%        9
 Fire Storm               Conj/Fire      0%         5d1       100%        9
 Shatter                  Erth           0%         3d5*      100%        9


Dungeon Overview and Level Annotations

Branches:
Dungeon (11/15)            Temple (1/1) D:7
   Lair: D:8-11         Orc: D:9-12

Altars:
Ashenzari
Cheibriados
Dithmenos
Fedhas
Gozag
Hepliaklqana
Kikubaaqudgha
Makhleb
Nemelex Xobeh
Okawaru
Qazlal
Ru
Sif Muna
Trog
Uskayaw
Vehumet
Wu Jian
Xom
Yredelemnul

Annotations:
Abyss:1 Erolcha, Maurice


Innate Abilities, Weirdness & Mutations

A weak demonic guardian rushes to your aid.
You regenerate a little health from kills.
Your movements are slightly less encumbered by armour. (ER -2)
Your touch may inflict minor irresistible damage on your foes.
You have very sharp teeth.
You are agile. (Dex +4, Str/Int -1)
You passively map a small area around you.


Message History

Your iron imp barely misses the basilisk.
Your quasit closely misses the basilisk.
Your quasit barely misses the basilisk.
Your quasit claws the basilisk but does no damage.
You have turned to stone.
Your quasit bites the basilisk.
Your quasit barely misses the basilisk.
Your quasit claws the basilisk but does no damage.
Something hits you.
* * * LOW HITPOINT WARNING * * *
Something bites you but does no damage. The cyclops hits you!
* * * LOW HITPOINT WARNING * * *
The basilisk bites you.
* * * LOW HITPOINT WARNING * * *
Your quasit stops moving altogether!
Your iron imp closely misses the basilisk.
Something hits you but does no damage. Something bites you but does no damage.
The basilisk gazes at you.
Your quasit resists with significant effort.
Your rust devil resists with almost no effort.
The cyclops hits you!
* * * LOW HITPOINT WARNING * * *
Your iron imp barely misses the basilisk.
You hear some strange, mumbled words.
You are confused.
The basilisk bites you but does no damage.
Your quasit disappears in a puff of smoke!
Your iron imp hits the basilisk.
The cyclops hits you.
* * * LOW HITPOINT WARNING * * *
Something hits you.
* * * LOW HITPOINT WARNING * * *
Something bites you.
* * * LOW HITPOINT WARNING * * *
The basilisk bites you.
Your rust devil disappears in a puff of smoke!
A cyclops comes into view.
Something hits you but does no damage. Something bites you but does no damage.
The basilisk bites you but does no damage.
Your iron imp closely misses the basilisk.
The cyclops hits you!!
You die...

..............##.#...............
....................>........<...
...#............###.. ..........
.. #.##......#...#.. , .#........
. ,#.*###...##...... * #...###..
, .. * #....##..... #.... *#..
#.. #......5.##, ..... .. # *
###....#lC##..#..P. . *
####.§@†)...C , ##)§{..... ,
#....##.., #.).##, , #..... ,
##....# ##.... , * * , ,


You could see 2 cyclopes, a basilisk (ally target) and a friendly iron imp
(summoned).

Vanquished Creatures
  2 two-headed ogres
  A cyclops (D:8)
  An elephant (D:11)
  An unseen horror (D:10)
  A vampire (D:11)
  15 yaks
  4 wyverns
  3 wraiths (D:9)
  A basilisk (D:11)
  2 water moccasins (D:6)
  3 ice beasts
  5 orc warriors
  3 ogres
  7 centaurs
  A kobold brigand (D:7)
  3 bullfrogs
  A gnoll sergeant (D:10)
  2 scorpions
  8 wights
  2 howler monkeys
  3 bombardier beetles
  3 hounds
  5 orc priests
  Crazy Yiuf (D:2)
  A gnoll bouda (D:7)
  Jessica (D:3)
  A sleepcap (D:7)
  4 iguanas
  11 orc wizards
  Robin (D:2)
  13 gnolls
  5 adders
  2 dart slugs
  A ribbon worm (D:2)
  49 orcs
  7 endoplasms
  4 giant cockroaches
  17 hobgoblins
  15 kobolds
  3 quokkas
  11 ball pythons
  6 bats
  3 frilled lizards
  18 goblins
  3 rats
254 creatures vanquished.

Vanquished Creatures (collateral kills)
  A kobold (D:7)
1 creature vanquished.

Grand Total: 255 creatures vanquished

Notes
Turn   | Place    | Note
-------+----------+-------------------------------------------
     0 | D:1      | Orlauf the Demonspawn Gladiator began the quest for the
                  | Orb.
     0 | D:1      | Reached XP level 1. HP: 16/16 MP: 1/1
    65 | D:1      | Found a faded altar of an unknown god.
   202 | D:1      | Gained mutation: You regenerate a little health from kills.
                  | [demonic ancestry]
   202 | D:1      | Reached XP level 2. HP: 22/22 MP: 2/2
   575 | D:2      | Reached XP level 3. HP: 28/28 MP: 3/3
   949 | D:2      | Noticed Robin
   987 | D:2      | Killed Robin
   988 | D:2      | Reached skill level 3 in Fighting
   988 | D:2      | Reached XP level 4. HP: 26/35 MP: 4/4
  1238 | D:2      | Found a runed translucent door.
  1239 | D:2      | Noticed Crazy Yiuf
  1248 | D:2      | Killed Crazy Yiuf
  1460 | D:3      | Reached XP level 5. HP: 20/41 MP: 5/5
  1634 | D:3      | Found a shimmering blue altar of Sif Muna.
  1788 | D:3      | Noticed Jessica
  1793 | D:3      | Killed Jessica
  1886 | D:3      | Reached skill level 5 in Staves
  2144 | D:3      | Found a shadowy altar of Dithmenos.
  2582 | D:4      | Reached skill level 4 in Fighting
  2582 | D:4      | Reached XP level 6. HP: 48/48 MP: 6/6
  2673 | D:4      | Found the +8 demon trident "Rift" {distort, reach+}
  2985 | D:4      | Found a shimmering altar of Xom.
  3393 | D:5      | Entered Level 5 of the Dungeon
  3460 | D:5      | Reached skill level 1 in Polearms
  3466 | D:5      | Noticed an ice beast
  3475 | D:5      | Killed an ice beast
  3678 | D:5      | Found a blossoming altar of Fedhas.
  3694 | D:5      | Gained mutation: A weak demonic guardian rushes to your
                  | aid. [demonic ancestry]
  3694 | D:5      | Reached XP level 7. HP: 55/55 MP: 7/7
  3961 | D:5      | Reached skill level 5 in Fighting
  4631 | D:6      | Gained mutation: Your movements are slightly less
                  | encumbered by armour. (ER -2) [demonic ancestry]
  4631 | D:6      | Reached XP level 8. HP: 64/64 MP: 8/8
  4635 | D:6      | Reached skill level 5 in Polearms
  4761 | D:6      | Found a hazy altar of Hepliaklqana.
  4815 | D:6      | Reached skill level 6 in Fighting
  5240 | D:7      | Identified the +2 leather armour of Enormous Life {rPois
                  | Regen+ Dex-5}
  5394 | D:7      | Reached skill level 1 in Armour
  5429 | D:7      | Reached skill level 7 in Fighting
  5641 | D:7      | Reached XP level 9. HP: 63/72 MP: 9/9
  5741 | D:7      | Noticed Maurice
  5748 | D:7      | Maurice stole a +3 quarterstaff of chaos
  5762 | D:7      | Maurice stole 13 poisoned darts
  5765 | D:7      | Banished Maurice
  5766 | D:7      | Reached skill level 8 in Fighting
  5772 | D:7      | Found an opulent altar of Gozag.
  6140 | D:7      | Found a staircase to the Ecumenical Temple.
  6148 | Temple   | Entered the Ecumenical Temple
  6563 | D:8      | Noticed a cyclops
  6574 | D:8      | Killed a cyclops
  6575 | D:8      | Reached skill level 9 in Fighting
  6828 | D:8      | Gained mutation: Your touch may inflict minor irresistible
                  | damage on your foes. [demonic ancestry]
  6828 | D:8      | Reached XP level 10. HP: 84/84 MP: 10/10
  7200 | D:8      | Reached skill level 10 in Fighting
  7692 | D:8      | Identified a scroll of acquirement
  7692 | D:8      | Acquired a manual of Fighting
  7742 | D:9      | Found an iron altar of Okawaru.
  7792 | D:9      | Reached skill level 5 in Armour
  7798 | D:9      | Noticed a two-headed ogre
  7805 | D:9      | Killed a two-headed ogre
  7978 | D:9      | Noticed Erolcha
  7987 | D:9      | Banished Erolcha
  8156 | D:9      | Reached skill level 11 in Fighting
  8230 | D:9      | Gained mutation: You are vulnerable to heat. (rF-)
                  | [mutagenic glow]
  8309 | D:9      | Lost mutation: You are vulnerable to heat. (rF-) [potion of
                  | mutation]
  8309 | D:9      | Gained mutation: You occasionally lose the ability to read
                  | scrolls when taking damage. [potion of mutation]
  8309 | D:9      | Gained mutation: Your spells are a little harder to cast,
                  | but a little more powerful. [potion of mutation]
  8310 | D:9      | Lost mutation: You occasionally lose the ability to read
                  | scrolls when taking damage. [potion of mutation]
  8310 | D:9      | Lost mutation: Your spells are a little harder to cast, but
                  | a little more powerful. [potion of mutation]
  8310 | D:9      | Gained mutation: You passively map a small area around you.
                  | [potion of mutation]
  8310 | D:9      | Gained mutation: You are agile. (Dex +4, Str/Int -1)
                  | [potion of mutation]
  8310 | D:9      | Gained mutation: You have very sharp teeth. [potion of
                  | mutation]
  8419 | D:10     | Entered Level 10 of the Dungeon
  8483 | D:10     | Reached XP level 11. HP: 68/93 MP: 11/11
  8549 | D:10     | Found a radiant altar of Vehumet.
  8714 | D:10     | Noticed a two-headed ogre
  8720 | D:10     | Killed a two-headed ogre
  9180 | D:11     | Identified the ring "Nyafisch" {Str+2 Dex+6}
  9229 | D:11     | Reached skill level 12 in Fighting
  9235 | D:11     | Slain by a cyclops

Illustrated notes

Levels and vault maps discovered:
D:1:      spicycebolla_arrival_risky_transporter, layout_rooms,
          ebering_ecumenical_altar_box, hangedman_decor_lopped, chequers_garden
D:2:      layout_rooms, serial_curves, eino_curves_02, eino_curves_01,
          uniq_crazy_yiuf_cottage, uniq_robin
D:3:      layout_loops_cross, lemuel_blue_sif_altar,
          nicolae_overflow_crystal_walls, chequers_serial_rivers_large_b,
          uniq_jessica
D:4:      layout_loops_ring, mainiacjoe_overflow_catwalk
D:5:      layout_loops_corners, nicolae_tso_carved_into_rock,
          mainiacjoe_overflow_boulevard
D:6:      layout_gridville, nzn_hepliaklqana_mist_gate
D:7:      kennysheep_housing_project, layout_basic, grunt_gozag_statues,
          temple_statues, uniq_maurice
D:8:      layout_loops_corners, st_stairs_4, eino_tiny_chamber
D:9:      layout_loops_ring, lemuel_tele_altar, uniq_erolcha
D:10:     layout_cave_pools, overflow_temple_1_default
D:11:     layout_cave_pools, david_lair_generic
Temple:   nicolae_temple_ecumenical_triangle

Skill      XL: |  1  2  3  4  5  6  7  8  9 10 11 |
---------------+----------------------------------+-----
Staves         | 3 4 5 |  5.4
Fighting       | 3 4 5 7 9 11 12 | 12.0
Polearms       | 2 4 6 7 9 |  9.7
Armour         | 2 4 6 7 |  7.6
Throwing       | |  1.7
Dodging        | |  2.6

Action                     |  1- 3 |  4- 6 |  7- 9 | 10-12 || total
---------------------------+-------+-------+-------+-------++-------
  Melee: Quarterstaff      |   109 |   127 |       |       ||   236
         Demon trident     |       |    32 |   174 |   190 ||   396
         Touch             |       |       |       |    21 ||    21
         Bite              |       |       |       |     6 ||     6
  Throw: Throwing net      |     1 |     1 |       |       ||     2
    Use: Scroll            |       |     8 |     4 |     4 ||    16
         Potion            |       |     2 |       |     4 ||     6
   Stab: Held in net/web   |       |     1 |       |       ||     1
 Armour: Ring mail         |    81 |    85 |       |       ||   166
         Leather armour    |     3 |       |       |       ||     3
         Scale mail        |       |     6 |    32 |       ||    38
         Chain mail        |       |       |    62 |     6 ||    68
         Skin              |       |       |     2 |       ||     2
         Plate armour      |       |       |       |   174 ||   174
  Dodge: Dodged            |    67 |    50 |    47 |    51 ||   215
  Block: Other             |       |       |       |     4 ||     4

Table legend: (Time is in decaauts)
 A = Elapsed time spent in this place.
 B = Non-inter-level travel time spent in this place.
 C = Inter-level travel time spent in this place.
 D = Time resting spent in this place.
 E = Time spent auto-exploring this place.
 F = Levels seen in this place.
 G = Mean time per level.
                   A        B        C        D        E       F      G
               +--------+--------+--------+--------+--------+-----+--------+
         Total |   9246 |   8796 |    450 |    380 |   6627 |  12 |  770.5 |
       Dungeon |   9211 |   8762 |    449 |    380 |   6627 |  11 |  837.4 |
        Temple |     35 |     35 |      0 |      0 |      0 |   1 |   35.0 |
               +--------+--------+--------+--------+--------+-----+--------+

Top non-repeatable levels by time:
     D:7: 1244 daAuts
     D:3: 1181 daAuts
     D:8: 1172 daAuts
     D:5: 1010 daAuts
     D:4: 852 daAuts
     D:2: 851 daAuts
     D:6: 837 daAuts
     D:9: 710 daAuts
    D:10: 606 daAuts
     D:1: 558 daAuts
    D:11: 187 daAuts
  Temple: 35 daAuts
